 Dungeon Crawl Stone Soup version 0.19-a0-1931-gf4bb0bd (webtiles) character file.

4639 Morenatsu the Cleaver (level 10, 0/115 HPs)
             Began as a Centaur Berserker on Oct 25, 2016.
             Was a High Priest of Trog.
             Slain by a troll (9 damage)
             ... on level 9 of the Dungeon.
             The game lasted 00:18:49 (7842 turns).

Morenatsu the Cleaver (Centaur Berserker)           Turns: 7842, Time: 00:18:49

Health: 0/115      AC: 16    Str: 27    XL:     10   Next: 20%
Magic:  0/9        EV:  8    Int:  6    God:    Trog [*****.]
Gold:   713        SH:  4    Dex: 10    Spells: 0 memorised, 9 levels left

rFire  . . .     SeeInvis +     E - +2 battleaxe "Orghar" {speed, rPois rC+ Stlth+}
rCold  + . .     Gourm    .     D - +4 scale mail "Buseises" {-Tele +Inv rElec Regen+}
rNeg   . . .     Faith    .     (shield currently unavailable)
rPois  +         Spirit   +     (no helmet)
rElec  +         Reflect  .     C - +2 cloak {+Inv}
rCorr  .         Harm     .     u - +2 pair of gloves
MR     .....     Rnd*Rage +     (no barding)
Stlth  .......... NoTele   +    e - amulet of guardian spirit
                                y - ring of stealth
                                q - ring of see invisible

@: berserking, very quick
A: hooves 3, large bone plates 1, berserk 1, deformed body, speed 2, low mp 1,
tough skin 3
a: Berserk, Trog's Hand, Brothers in Arms, Burn Spellbooks, Renounce Religion,
Evoke Invisibility


You were on level 9 of the Dungeon.
You worshipped Trog.
Trog was extremely pleased with you.
You were not hungry.

You visited 1 branch of the dungeon, and saw 9 of its levels.
You also visited: Ossuary.

You collected 713 gold pieces.

Inventory:

Hand Weapons
 a - a +1 hand axe
 E - the +2 battleaxe "Orghar" (weapon) {speed, rPois rC+ Stlth+}
   (You acquired it on level 6 of the Dungeon)

   Attacks with this weapon are significantly faster.
   It protects you from cold.
   It protects you from poison.
   It makes you more stealthy.
Armour
 u - a +2 pair of gloves (worn)
 C - a +2 cloak of invisibility (worn)
 D - the +4 scale mail "Buseises" (worn) {-Tele +Inv rElec Regen+}
   (You found it on level 6 of the Dungeon)

   It insulates you from electricity.
   It lets you turn invisible.
   It prevents most forms of teleportation.
   It increases your rate of regeneration.
Jewellery
 e - an amulet of guardian spirit (around neck)
 j - an uncursed ring of magical power
 k - an uncursed ring of protection from cold
 q - a ring of see invisible (left hand)
 y - a ring of stealth (right hand)
 P - an uncursed ring of protection from fire
Wands
 l - a wand of flame (26/48)
 x - a wand of flame (6/48)
 B - a wand of flame (17/48)
 H - a wand of iceblast (8/15)
 M - a wand of acid (3/15)
 N - a wand of paralysis (17/24)
 O - a wand of flame (24/48)
Scrolls
 f - 2 scrolls of enchant weapon
 h - 3 scrolls of noise
 t - 2 scrolls of fog
 v - 6 scrolls of remove curse
 w - 2 scrolls of fear
 z - 2 scrolls of teleportation
 A - a scroll of immolation
 J - 3 scrolls of identify
 K - a scroll of recharging
 L - a scroll of blinking
Potions
 b - a potion of haste
 g - 4 potions of curing
 n - 2 potions of flight
 o - 2 potions of lignification
 r - 4 potions of agility
 s - a potion of brilliance
 F - 2 potions of ambrosia
 G - a potion of magic
 I - 2 potions of resistance
Comestibles
 c - 4 bread rations
 d - a royal jelly
 i - 8 meat rations
 m - a slice of pizza
 p - 7 beef jerkies


   Skills:
 - Level 3.0 Fighting
 + Level 13.5 Axes
 - Level 1.3 Armour
 - Level 1.3 Dodging


You had 9 spell levels left.
You didn't know any spells.

Dungeon Overview and Level Annotations

Branches:
Dungeon (9/15)             Temple (0/1) D:5
   Lair: D:8-11         Orc: D:9-12

Altars:
Dithmenos
Elyvilon


Innate Abilities, Weirdness & Mutations

You have hooves in place of feet.
Armour fits poorly on your strangely shaped body.
You cover ground very quickly.
You have extremely tough skin. (AC +3)
You are partially covered in large bone plates. (SH +4)
You tend to lose your temper in combat.
Your magical capacity is low. (-10% MP)


Message History

* * * LOW HITPOINT WARNING * * *
The troll claws you.
* * * LOW HITPOINT WARNING * * *
The troll claws you.
* * * LOW HITPOINT WARNING * * *
You barely miss the troll. Your kick misses the troll.
The troll is heavily wounded.
You hit the troll.
The troll is severely wounded.
The troll bites you.
* * * LOW HITPOINT WARNING * * *
You block the troll's attack. The troll claws you but does no damage.
You barely miss the troll. You kick the troll.
The troll is severely wounded.
You barely miss the troll. Your kick misses the troll.
The troll is severely wounded.
The troll bites you.
* * * LOW HITPOINT WARNING * * *
The troll claws you but does no damage. The troll claws you!
You die...

#....≈≈≈≈≈≈≈≈≈≈≈≈≈..# #.
....^≈≈≈≈≈≈≈≈≈≈≈≈≈..# #.
.....≈≈≈≈≈≈≈≈≈≈≈≈≈..# #.
#....≈≈≈≈≈≈≈≈≈≈≈≈≈.(# #.
#......)((((...###.(###.
#......(#####(.....(....
#......(# #(......####
.# #.....T†# #.###...# #
##.## #......@# #.#
#.(.# # ...... #.......#
#.# #...# # ......
#.......# #.# #...# #
...... #.......# #.#
#...# # ....# #.......#
#.# #...# # ....#
........# #.# #...# #
....# ........# #.#
#...# # ....# ......[.#
#.# #...# # ....#
#......# #.# #...# #


You could see a troll.

Vanquished Creatures
  A catoblepas (D:9)
  The ghost of ScarCow the Transmogrifier, a novice DrTm (D:6)
  A two-headed ogre (D:9)
  The ghost of Vesto the Skirmisher, an amateur FoFi (D:5)
  The ghost of Promi the Magician, an amateur DgWz (D:4)
  Sigmund (D:5)
  3 hungry ghosts
  A water moccasin (D:5)
  A hornet zombie (D:7)
  2 ice beasts
  A phantom (D:7)
  A sky beast (D:7)
  2 ogres (D:7)
  A centaur (D:8)
  5 bullfrogs
  A scorpion (D:8)
  A wight (D:8)
  4 howler monkeys
  A bullfrog zombie (D:7)
  A quasit (D:8)
  2 hounds (D:8)
  2 jellies
  2 centaur zombies
  An orc priest (D:8)
  Crazy Yiuf (D:5)
  Jessica (D:2)
  2 iguanas
  4 orc wizards
  7 worker ants
  A big kobold zombie (Ossuary)
  A hound zombie (D:8)
  8 mummies (Ossuary)
  A worker ant zombie (D:7)
  A howler monkey skeleton (D:5)
  10 adders
  A shadow imp (D:6)
  An ooze (D:1)
  2 adder zombies
  2 worms
  5 dart slugs
  6 leopard geckos
  20 orcs
  A ball python (D:3)
  6 giant cockroaches
  9 goblins
  8 hobgoblins
  16 jackals
  5 quokkas
  6 bats
  4 frilled lizards
  A gnoll zombie (Ossuary)
  A hobgoblin zombie (Ossuary)
  8 kobolds
  2 kobold zombies (Ossuary)
  A leopard gecko skeleton (D:4)
  3 orc zombies (Ossuary)
  A quokka zombie (D:7)
  10 rats
194 creatures vanquished.

Notes
Turn   | Place    | Note
-------+----------+-------------------------------------------
     0 | D:1      | Morenatsu the Centaur Berserker began the quest for the Orb.
     0 | D:1      | Reached XP level 1. HP: 19/19 MP: 1/1
    20 | D:1      | Reached skill level 3 in Axes
    58 | D:1      | Reached XP level 2. HP: 22/26 MP: 2/2
   414 | D:1      | Reached XP level 3. HP: 27/31 MP: 3/3
   718 | D:2      | Reached skill level 4 in Axes
   844 | D:2      | Reached ** piety under Trog
  1354 | D:2      | Reached XP level 4. HP: 22/38 MP: 4/4
  1550 | D:2      | Noticed Jessica
  1555 | D:2      | Killed Jessica
  1555 | D:2      | Reached skill level 5 in Axes
  1951 | D:2      | Noticed a hornet
  2242 | D:3      | Found a faded altar of an unknown god.
  2261 | D:3      | Reached XP level 5. HP: 29/45 MP: 5/5
  2875 | D:3      | Reached *** piety under Trog
  2929 | D:3      | Reached skill level 6 in Axes
  3038 | D:4      | Reached XP level 6. HP: 38/51 MP: 4/6
  3105 | D:4      | Found a white marble altar of Elyvilon.
  3115 | D:4      | Noticed Promi's ghost (amateur DgWz)
  3129 | D:4      | Killed Promi's ghost
  3129 | D:4      | Reached skill level 7 in Axes
  3302 | D:4      | Reached XP level 7. HP: 57/57 MP: 7/7
  3807 | D:5      | Entered Level 5 of the Dungeon
  3928 | D:5      | Noticed Vesto's ghost (amateur FoFi)
  3937 | D:5      | Killed Vesto's ghost
  3937 | D:5      | Reached skill level 8 in Axes
  4189 | D:5      | Noticed Sigmund
  4198 | D:5      | Killed Sigmund
  4200 | D:5      | Found a staircase to the Ecumenical Temple.
  4217 | D:5      | Reached XP level 8. HP: 16/63 MP: 1/8
  4234 | D:5      | Reached skill level 9 in Axes
  4569 | D:5      | You fall through a shaft for 2 floors!
  4607 | D:7      | Reached **** piety under Trog
  4699 | D:7      | Found a shadowy altar of Dithmenos.
  4720 | D:6      | Noticed ScarCow's ghost (novice DrTm)
  4733 | D:6      | Killed ScarCow's ghost
  4733 | D:6      | Reached skill level 10 in Axes
  4820 | D:6      | Identified 2 scrolls of acquirement
  4823 | D:6      | Got a crude battleaxe
  4824 | D:6      | Identified the +2 battleaxe "Orghar" {speed, rPois rC+ Stlth+} (You acquired it on level 6 of the Dungeon)
  4902 | D:6      | Got a distressingly furry scale mail
  4913 | D:6      | Identified the +4 scale mail "Buseises" {-Tele +Inv rElec Regen+} (You found it on level 6 of the Dungeon)
  4947 | D:6      | Received a gift from Trog
  5112 | D:6      | Found a sand-covered staircase.
  5118 | Ossuary  | Entered an ossuary
  5488 | D:5      | Found a runed door.
  5492 | D:5      | Noticed Crazy Yiuf
  5496 | D:5      | Killed Crazy Yiuf
  5496 | D:5      | Reached skill level 11 in Axes
  5496 | D:5      | Reached XP level 9. HP: 69/69 MP: 9/9
  6396 | D:7      | Gained mutation: You tend to lose your temper in combat. [potion of mutation]
  6396 | D:7      | Gained mutation: Your magical capacity is low. (-10% MP) [potion of mutation]
  6401 | D:7      | Gained mutation: You are partially covered in large bone plates. (SH +4) [potion of beneficial mutation]
  6627 | D:7      | Reached skill level 12 in Axes
  6820 | D:8      | Reached ***** piety under Trog
  7579 | D:9      | Noticed a catoblepas
  7590 | D:9      | Killed a catoblepas
  7590 | D:9      | Reached skill level 13 in Axes
  7590 | D:9      | Reached XP level 10. HP: 77/77 MP: 7/9
  7842 | D:9      | Slain by a troll

Vault maps used:
D:1:      minmay_arrival_stone_box
D:2:      lightli_corner_chamber, uniq_jessica
D:3:      ecumenical_altar_2
D:4:      kennysheep_little_box, first_bread, st_stairs_4
D:5:      grunt_decor_one_mirror, minmay_misc_feat_x, uniq_crazy_yiuf_cottage,
          uniq_sigmund
D:6:      nicolae_ossuary_entry_false_entrances, hangedman_decor_clover_reticule
D:7:      grunt_dithmenos_smoke_and_mirrors, minivault_25, grunt_ogre_cave,
          minmay_fountain_box, minmay_misc_feat_iff
D:8:      minmay_four_partial_circles
D:9:      nicolae_whirlpool, lemuel_zombie_altar_yredelemnul, elyvilon_altar_3,
          uniq_maurice
Ossuary:  ossuary_tomb_3

Skill      XL: |  1  2  3  4  5  6  7  8  9 |
---------------+----------------------------+-----
Axes           | 3 4 5 6 7 8 11 13 | 13.5
Fighting       | |  3.0
Armour         | |  1.3
Dodging        | |  1.3

Action                   |  1- 3 |  4- 6 |  7- 9 | 10-12 || total
-------------------------+-------+-------+-------+-------++-------
Melee: Hand axe          |   123 |   159 |   138 |       ||   420
       Kick              |    17 |    27 |    97 |     5 ||   146
       Battleaxe         |       |       |   269 |    19 ||   288
Invok: Berserk           |       |     2 |     4 |     1 ||     7
       Burn Spellbooks   |       |     1 |     1 |       ||     2
  Use: Scroll            |     3 |     6 |    10 |       ||    19
       Potion            |       |       |    11 |       ||    11
 Stab: Distracted        |       |       |     1 |       ||     1
       Sleeping          |       |       |     1 |       ||     1
  Eat: Chunk             |     1 |     7 |    10 |       ||    18
       Bread ration      |       |       |     3 |     1 ||     4
Armor: Animal skin       |    11 |       |       |       ||    11
       Ring mail         |    36 |    63 |    46 |       ||   145
       Scale mail        |       |       |    84 |    15 ||    99
Dodge: Dodged            |    62 |    94 |   109 |     6 ||   271
Block: Other             |       |       |    14 |     9 ||    23
